 Dungeon Crawl Stone Soup version 0.29-a0-284-gf9362112df (webtiles) character file.

Game seed: 12334974766560001196

12 mistaj the Cutter (level 2, -2/16 HPs)
             Began as a Vine Stalker Monk on Mar 23, 2022.
             Slain by a goblin
             ... wielding a +0 dagger
              (4 damage)
             ... on level 1 of the Dungeon.
             The game lasted 00:00:41 (487 turns).

mistaj the Cutter (Vine Stalker Monk)                Turns: 487, Time: 00:00:41

Health: -2/16      AC:  2    Str: 13    XL:     2   Next: 33%
Magic:  0/3        EV: 12    Int: 10    God:
Gold:   11         SH:  0    Dex: 16    Spells: 1/1 levels left

rFire   . . .      SeeInvis .   a - +0 short sword
rCold   . . .      Faith    .   (no shield)
rNeg    . . .      Spirit   +   b - +0 robe
rPois   .          Reflect  .   (no helmet)
rElec   .          Harm     .   (no cloak)
rCorr   .          Rampage  .   (no gloves)
Will    .....                   (no boots)
Stlth   ++........              (no amulet)
HPRegen 0.05/turn               (no ring)
MPRegen 0.08/turn               (no ring)

@: no status effects
A: fangs 2, magic shield, antimagic bite, no potion heal 2
a: no special abilities


You were on level 1 of the Dungeon.
You visited 1 branch of the dungeon, and saw 1 of its levels.

You collected 11 gold pieces.

Inventory:

Hand Weapons
 a - a +0 short sword (weapon)
Armour
 b - a +0 robe (worn)
Potions
 c - 2 potions of ambrosia
 d - a potion of resistance {unknown}
 e - a potion of degeneration {unknown}


   Skills:
 + Level 2.9 Fighting
 * Level 3.1 Short Blades
 - Level 2.4 Dodging
 - Level 2.4 Stealth


You had one spell level left.
You didn't know any spells.
Your spell library was empty.

Dungeon Overview and Level Annotations

Branches:
Dungeon (1/15)

Altars:


Innate Abilities, Weirdness & Mutations

You have extremely sharp teeth.
When hurt, damage is shared between your health and your magic reserves.
Your bite disrupts and absorbs the magic of your enemies.
Potions cannot restore your health.


Message History

The jackal barely misses you. The quokka bites you.
You closely miss the jackal. The jackal barely misses you.
The quokka bites you. The jackal barely misses you.
A bat comes into view.
You are too injured to fight recklessly!
You are too injured to fight recklessly!
You closely miss the jackal. You bite the jackal. You drain its power.
You feel invigorated.
The jackal is almost dead.
The jackal bites you but does no damage.
The quokka bites you but does no damage.
You barely miss the jackal. Your bite misses the jackal.
The jackal is almost dead.
The bat misses you. The goblin barely misses you.
The jackal bites you but does no damage.
The quokka bites you.
You closely miss the jackal.
The jackal is almost dead.
A bat comes into view.
The jackal misses you. The goblin misses you. The bat hits you.
The quokka bites you.
* * * LOW HITPOINT WARNING * * *
The jackal bites you.
* * * LOW HITPOINT WARNING * * *
The bat moves out of view.
You hit the jackal but do no damage. You bite the jackal.
You kill the jackal!
The bat hits you.
* * * LOW HITPOINT WARNING * * *
The goblin barely misses you. The bat closely misses you.
The quokka closely misses you. The bat attacks as you move away!
The bat misses you. 2 jackals come into view.
The jackal barks! x2
The bat closely misses you.
Unknown command.
An endoplasm comes into view.
The jackal bites you. The goblin attacks as you move away!
The goblin hits you with a +0 dagger.
You die...

#.##..#######.
#.#.#........#
#..###........
#.#.#.########
#.##.#........
#.##.#.#######
#.##.#.#
#.##.#.# #
#.##@#†####.#
#.##gh..h...##
#.........J.....
######r###..###.
#.....#..#
#....)# .#
##.#.#.#..
#.>.....###
##b#.#.##


You could see an endoplasm (wandering), a quokka, 2 jackals and a goblin.

Vanquished Creatures
  A dart slug (D:1)
  3 endoplasms (D:1)
  A goblin (D:1)
  2 jackals (D:1)
  A frilled lizard (D:1)
  A kobold (D:1)
9 creatures vanquished.

Notes
Turn   | Place    | Note
-------+----------+-------------------------------------------
     0 | D:1      | mistaj the Vine Stalker Monk began the quest for the Orb.
     0 | D:1      | Reached XP level 1. HP: 11/11 MP: 2/2
   158 | D:1      | Found a faded altar of an unknown god.
   346 | D:1      | Reached skill level 3 in Short Blades
   379 | D:1      | Reached XP level 2. HP: 16/16 MP: 3/3
   487 | D:1      | Slain by a goblin

Illustrated notes

Levels and vault maps discovered:
D:1:      mrwooster_arrival_arrow, layout_loops_ring, basic_ecumenical_altar,
          st_stairs_8

Skill      XL: |  1 |
---------------+----+-----
Short Blades   | 3 |  3.1
Fighting       | |  2.9
Dodging        | |  2.4
Stealth        | |  2.4

Action                   || total
-------------------------++-------
Melee: Short sword       ||    27
       Bite              ||     9
Armor: Robe              ||     4
Dodge: Dodged            ||    20

Table legend: (Time is in decaauts)
 A = Elapsed time spent in this place.
 B = Non-inter-level travel time spent in this place.
 C = Inter-level travel time spent in this place.
 D = Time resting spent in this place.
 E = Time spent auto-exploring this place.
 F = Levels seen in this place.
 G = Mean time per level.
                   A        B        C        D        E       F      G
               +--------+--------+--------+--------+--------+-----+--------+
         Total |    484 |    484 |      0 |    244 |    149 |   1 |  484.0 |
       Dungeon |    484 |    484 |      0 |    244 |    149 |   1 |  484.0 |
               +--------+--------+--------+--------+--------+-----+--------+

Top non-repeatable levels by time:
     D:1: 484 daAuts
